 Dungeon Crawl Stone Soup version 0.29-a0-409-gd843f3a48c (webtiles) character file.

Game seed: 3033874212509855573

25 spaghetti the Ruffian (level 3, 21/36 HPs)
             Began as an Ogre Transmuter on May 13, 2022.
             Was a Follower of Vehumet.
             Quit the game on level 1 of the Dungeon.
             The game lasted 00:02:00 (1134 turns).

spaghetti the Ruffian (Ogre Transmuter)             Turns: 1134, Time: 00:02:00

Health: 21/36      AC:  3    Str: 14    XL:     3   Next: 4%
Magic:  6/6        EV:  9    Int: 16    God:    Vehumet [*.....]
Gold:   0          SH:  0    Dex:  9    Spells: 5/6 levels left

rFire   . . .      SeeInvis .     - Unarmed
rCold   . . .      Faith    .   (no shield)
rNeg    . . .      Spirit   .   a - +0 robe
rPois   .          Reflect  .   (helmet restricted)
rElec   .          Harm     .   (no cloak)
rCorr   .          Rampage  .   (gloves unavailable)
Will    .....                   (boots unavailable)
Stlth   +.........              (no amulet)
HPRegen 0.12/turn               (no ring)
MPRegen 0.10/turn               (no ring)

@: no status effects
A: large, unfitting armour, tough skin 1
a: Renounce Religion


You were on level 1 of the Dungeon.
You worshipped Vehumet.
Vehumet was aware of your devotion.
You visited 1 branch of the dungeon, and saw 1 of its levels.


Innate Abilities, Weirdness & Mutations

You are too large for most types of armour.
You have tough skin. (AC +1)


   Skills:
 + Level 2.8 Fighting
 - Level 1.7 Dodging
 + Level 3.2 Unarmed Combat
 - Level 2.4 Spellcasting
 - Level 1.7 Transmutations


You had 5 spell levels left.
You knew the following spells:

 Your Spells              Type           Power      Damage    Failure   Level
a - Beastly Appendage     Tmut           14%        N/A       10%         1

Your spell library contained the following spells:

 Spells                   Type           Power      Damage    Failure   Level
 Freeze                   Ice            4%         1d3       21%         1
 Wereblood                Tmut           7%         N/A       14%         2
 Spider Form              Tmut/Pois      4%         N/A       38%         3
 Gell's Gravitas          Tloc           1%         N/A       52%         3
 Lesser Beckoning         Tloc           1%         N/A       52%         3
 Teleport Other           Tloc           1%         N/A       52%         3
 Ice Form                 Ice/Tmut       4%         N/A       80%         4

Inventory:

Hand Weapons
 e - a +0 dagger {short}
   (You found it on level 1 of the Dungeon)
Missiles
 g - 2 stones (quivered) {throwing}
 j - 2 boomerangs {throwing}
Armour
 a - a +0 robe (worn)
Scrolls
 c - 3 scrolls of blinking {unknown}
 d - a scroll of immolation {unknown}
 f - a scroll of poison {unknown}
 h - a scroll of enchant armour {unknown}
 l - 3 scrolls of fog {unknown}
 m - a scroll of identify {unknown}
Potions
 b - a potion of lignification {!q}
 i - a potion of ambrosia {unknown}
 k - 2 potions of brilliance {unknown}

Dungeon Overview and Level Annotations

Branches:
Dungeon (1/15)

Altars:
Vehumet

#.##.#####..# #.#
# ####.##.# #..#
#.# # #.......#
###..###.#####
#.#####.#
#............#
#.###.#..###.###.#
#............#
#.#####..#####
#.#####.# #..# #.#
#......@#####..#
#..
####...).......#
### ###########.#
#.# #.# #.# ###
#.#######..
#.........#
###########


There were no monsters in sight!


Message History

😕 HP[-1]
You take 1 damage, and now have 28/29 hp.
You hit the hobgoblin. The hobgoblin closely misses you.
You hit the hobgoblin but do no damage. The hobgoblin barely misses you.
You hit the hobgoblin but do no damage. The hobgoblin barely misses you.
You barely miss the hobgoblin. Your punch misses the hobgoblin.
The hobgoblin barely misses you.
You hit the hobgoblin.
You kill the hobgoblin!
You see here a hobgoblin corpse.
Key pressed, stopping explore.
k - 2 blue potions 😎 HP[+1]
Your hp is fully restored (29).
Found a faded altar of an unknown god.
You open the door.
There is an open door here.
There is a faded altar of an unknown god here.
l - 3 scrolls labelled LAMAVUEWEI You see here a +1 whip of draining {mace}.
You see here a +0 helmet.
A hobgoblin comes into view.
The hobgoblin shouts!
The hobgoblin barely misses you.
You hit the hobgoblin but do no damage. The hobgoblin hits you. 😕 HP[-3]
You take 3 damage, and now have 26/29 hp.
You closely miss the hobgoblin. The hobgoblin misses you. 😕 HP[+1]
You closely miss the hobgoblin. The hobgoblin hits you. 😕 HP[-3]
You take 3 damage, and now have 24/29 hp.
You hit the hobgoblin but do no damage.
The hobgoblin hits you but does no damage.
You closely miss the hobgoblin. The hobgoblin barely misses you.
You closely miss the hobgoblin. The hobgoblin barely misses you.
You hit the hobgoblin. The hobgoblin hits you. 😕 HP[-2]
You take 2 damage, and now have 22/29 hp.
You hit the hobgoblin.
You kill the hobgoblin!
You see here a hobgoblin corpse.
Search for what [? for help]? altar
There is a faded altar of an unknown god here. 😕 HP[+3]
You regained 3 hp, and now have 25/29 hp.
You cannot tell which god this altar belongs to.
Convert to them anyway?
Vehumet accepts your prayer! Vehumet welcomes you!
You can now gain magical power from killing.
Vehumet offers you knowledge of Freeze.
Unknown command.
Press < or > to pray at altars.
Unknown command.
Press < or > to pray at altars.
Key pressed, stopping explore.
You see here a hobgoblin corpse.
Key pressed, stopping explore.
m - a scroll labelled BUSOVI PIYKOUT 😎 HP[+4]
Your hp is fully restored (29).
A kobold comes into view. It is wielding a +0 short sword.
The kobold shouts!
A ball python comes into view.
The ball python hisses angrily.
The kobold hits you but does no damage.
You barely miss the kobold. The kobold barely misses you.
You hit the kobold. The kobold closely misses you.
You hit the kobold but do no damage.
The kobold hits you with a +0 short sword.
The ball python bites you. 😕 HP[-5]
You take 5 damage, and now have 24/29 hp.
You closely miss the kobold. The ball python bites you.
The kobold closely misses you. 😮 HP[-3]
You take 3 damage, and now have 21/29 hp.
You hit the kobold.
You kill the kobold!
Vehumet accepts your kill. The ball python bites you. x2
You have reached level 3!
Your experience leads to an increase in your attributes!
Increase (S)trength, (I)ntelligence, or (D)exterity?
You feel clever. x2; You feel stronger. 😮 HP[+1] MP[+1]
You now have 36 max hp (+7).
Your mp is fully restored (6).
You closely miss the ball python. The ball python bites you. 😮 HP[-1]
You take 1 damage, and now have 21/36 hp.
You hit the ball python.
The ball python bites you but does no damage.
You closely miss the ball python.
The ball python bites you but does no damage.
You hit the ball python. The ball python barely misses you.
You hit the ball python.
You kill the ball python!
Vehumet accepts your kill.
You see here a ball python corpse.
Are you sure you want to abandon this character and quit the game? (Confirm with "yes".)

Skill      XL: |  1  2 |
---------------+-------+-----
Fighting       | 2 |  2.8
Unarmed Combat | 3 |  3.2
Dodging        | |  1.7
Spellcasting   | |  2.4
Transmutations | |  1.7

Action                   || total
-------------------------++-------
Melee: Unarmed           ||    74
       Kick              ||     1
       Headbutt          ||     1
       Punch             ||     1
Throw: Stone             ||     8
 Cast: Beastly Appendage ||     1
 Stab: Sleeping          ||     1
Armor: Robe              ||    19
Dodge: Dodged            ||    27

Levels and vault maps discovered:
D:1:      elethiomel_arrival_maze, layout_loops_ring, basic_ecumenical_altar,
          minmay_misc_feat_room, nrook_mini_vaults

Notes
Turn   | Place    | Note
-------+----------+-------------------------------------------
     0 | D:1      | spaghetti the Ogre Transmuter began the quest for the Orb.
     0 | D:1      | Reached XP level 1. HP: 19/19 MP: 3/3
     0 | D:1      | magus.rc [v1.9.6]
   258 | D:1      | Reached skill level 2 in Fighting
   347 | D:1      | Reached XP level 2. HP: 19/27 MP: 3/5
   351 | D:1      | Reached skill level 3 in Unarmed Combat
   680 | D:1      | You pick up a book of Displacement and begin reading...
   680 | D:1      | You add the spells Lesser Beckoning, Gell's Gravitas and
                  | Teleport Other to your library.
   885 | D:1      | Found a faded altar of an unknown god.
  1012 | D:1      | Prayed at the altar of an unknown god.
  1012 | D:1      | Became a worshipper of Vehumet
  1012 | D:1      | Reached * piety under Vehumet
  1012 | D:1      | Offered knowledge of Freeze by Vehumet.
  1128 | D:1      | Reached XP level 3. HP: 22/36 MP: 6/6
  1134 | D:1      | Quit the game

Vanquished Creatures
  2 dart slugs (D:1)
  3 ball pythons (D:1)
  2 endoplasms (D:1)
  2 goblins (D:1)
  3 hobgoblins (D:1)
  4 kobolds (D:1)
  2 frilled lizards (D:1)
18 creatures vanquished.

Table legend:
 A = Non-vault XP
 B = Vault XP
 C = Vault XP percentage of total XP
 D = Non-vault monster count
 E = Vault monster count
 F = Vault count percentage of total count
                 A         B        C        D         E       F
            +---------+---------+-------+---------+---------+-------
      Total |      36 |       0 |   0.0 |      18 |       0 |   0.0
            +---------+---------+-------+---------+---------+-------
        D:1 |      36 |       0 |   0.0 |      18 |       0 |   0.0
            +---------+---------+-------+---------+---------+-------

Illustrated notes

Table legend:
 A = Kills in this place as a percentage of kills in entire the game.
 B = Kills by you in this place as a percentage of kills by you in the entire game.
 C = Kills by friends in this place as a percentage of kills by friends in the entire game.
 D = Other kills in this place as a percentage of other kills in the entire game.
 E = Experience gained in this place as a percentage of experience gained in the entire game.
 F = Experience gained in this place divided by the number of levels of this place that you have seen.
                   A       B       C       D       E      F
               +-------+-------+-------+-------+-------+----------------------
         Total | 100.0 | 100.0 |   N/A |   N/A | 100.0 |  36.0
       Dungeon | 100.0 | 100.0 |   N/A |   N/A | 100.0 |  36.0
               +-------+-------+-------+-------+-------+----------------------

Table legend: (Time is in decaauts)
 A = Elapsed time spent in this place.
 B = Non-inter-level travel time spent in this place.
 C = Inter-level travel time spent in this place.
 D = Time resting spent in this place.
 E = Time spent auto-exploring this place.
 F = Levels seen in this place.
 G = Mean time per level.
                   A        B        C        D        E       F      G
               +--------+--------+--------+--------+--------+-----+--------+
         Total |   1130 |   1103 |     27 |     44 |    907 |   1 | 1130.0 |
       Dungeon |   1130 |   1103 |     27 |     44 |    907 |   1 | 1130.0 |
               +--------+--------+--------+--------+--------+-----+--------+

Top non-repeatable levels by time:
     D:1: 1130 daAuts
